 Dungeon Crawl Stone Soup version 0.23.0 (webtiles) character file.

Game seed: 15615166168987145592

15119884 SnubMonkey the Conqueror (level 27, 152/199 HPs)
             Began as a Gargoyle Fighter on Feb 9, 2019.
             Was the Champion of the Shining One.
             Escaped with the Orb
             ... and 15 runes on Feb 10, 2019!
             The game lasted 06:06:18 (104316 turns).

SnubMonkey the Conqueror (Gargoyle Fighter)       Turns: 104316, Time: 06:06:19

Health: 152/199    AC: 71    Str: 30    XL:     27
Magic:  35/43      EV: 26    Int: 20    God:    the Shining One [******]
Gold:   12261      SH: 33    Dex: 20    Spells: 25/59 levels left

rFire    + + +     SeeInvis .   a - +9 eveningstar (holy)
rCold    + + +     Gourm    .   R - +6 large shield of Lucidity {Str+5}
rNeg     + + +     Faith    .   G - +7 gold dragon scales
rPois    ∞         Spirit   +   n - +2 hat {MR+}
rElec    +         Reflect  .   K - +4 dragonskin cloak
rCorr    .         Harm     .   M - +2 pair of gloves {Dex+3}
MR       +++..                  P - +2 pair of boots {run}
Stlth    ..........             L - amulet "Civvu" {Spirit Int+7}
HPRegen  0.43/turn              y - ring of protection from cold
MPRegen  0.28/turn              Z - ring "Liushud" {rF++ rN+ Str+2 Stlth+}

@: flying, glowing, quick
A: big wings, repulsion field 1, thin skeletal structure 1, cold resistance 1,
negative energy resistance 1, electricity resistance, unbreathing, petrification
resistance, no potion heal 1, rot immunity, AC +20
0: Orb of Zot
}: 15/15 runes: barnacled, slimy, silver, golden, iron, obsidian, icy, bone,
abyssal, demonic, glowing, magical, fiery, dark, gossamer
a: Stop Flying, Divine Shield, Cleansing Flame, Summon Divine Warrior, Renounce
Religion


You escaped.
You worshipped the Shining One.
The Shining One was exalted by your worship.
You were very full.

You visited 18 branches of the dungeon, and saw 90 of its levels.
You visited Pandemonium 1 time, and saw 17 of its levels.
You visited the Abyss 2 times.
You also visited: Trove.

You collected 16729 gold pieces.
You spent 4468 gold pieces at shops.

Inventory:

Hand Weapons
 a - a +9 eveningstar of holy wrath (weapon)
 b - a +7 eveningstar of electrocution
Missiles
 U - 11 throwing nets (quivered)
Armour
 n - a +2 hat of magic resistance (worn)
 C - a +2 large shield of protection
 G - +7 gold dragon scales (worn)
 K - the +4 dragonskin cloak (worn)
   (You took it off Tiamat on level 4 of the Realm of Zot)
 M - a +2 pair of gloves of dexterity (worn)
 P - a +2 pair of boots of running (worn)
 R - the +6 large shield of Lucidity (worn) {Str+5}
   (You took it off a daeva on level 3 of the Depths)

   It affects your strength (+5).
Jewellery
 g - the ring "Giclep" {+Inv rElec MR+ Int+5 Stlth-}
   (You found it on level 7 of Gehenna)

   [ring of intelligence]

   It affects your intelligence (+5).
   It insulates you from electricity.
   It affects your resistance to hostile enchantments.
   It lets you turn invisible.
   It makes you less stealthy.
 r - the ring of Jidoe {*Contam rC+ EV+2 Str+3}
   (You found it on level 5 of the Vaults)

   [ring of evasion]

   It affects your evasion (+2).
   It affects your strength (+3).
   It protects you from cold.
   It causes magical contamination when unequipped.
 u - an uncursed ring of resist corrosion
 y - a ring of protection from cold (left hand)
 L - the amulet "Civvu" (around neck) {Spirit Int+7}
   (You found it on level 2 of the Depths)

   [amulet of guardian spirit]

   It causes incoming damage to be split between your health and magic.
   It affects your intelligence (+7).
 Z - the ring "Liushud" (right hand) {rF++ rN+ Str+2 Stlth+}
   (You bought it in a shop on level 1 of the Elven Halls)

   [ring of stealth]

   It affects your strength (+2).
   It greatly protects you from fire.
   It protects you from negative energy.
   It makes you more stealthy.
Wands
 d - a wand of paralysis (14)
 s - a wand of acid (39)
 v - a wand of scattershot (34)
 x - a wand of iceblast (51)
 B - a wand of digging (16)
Scrolls
 i - 45 scrolls of remove curse
 p - 5 scrolls of blinking
 q - 3 scrolls of fear
 w - 16 scrolls of teleportation
 A - 6 scrolls of fog
 F - 3 scrolls of holy word
 H - 22 scrolls of identify
 T - a scroll of silence
Potions
 f - 9 potions of mutation
 h - 3 potions of ambrosia
 j - 14 potions of heal wounds
 m - 6 potions of haste
 o - 5 potions of brilliance
 t - 3 potions of cancellation
 D - 12 potions of agility
 E - 27 potions of curing
 I - 4 potions of might
 N - 4 potions of resistance
 S - 5 potions of berserk rage
 V - a potion of magic
Miscellaneous
 c - a figurine of a ziggurat
 z - 2 phantom mirrors
 J - 7 sacks of spiders
 Q - a phial of floods
 W - a lamp of fire
Comestibles
 e - 58 rations


   Skills:
 O Level 27 Fighting
 - Level 16.0 Maces & Flails
 O Level 27 Armour
 + Level 24.8 Dodging
 - Level 25.0 Shields
 * Level 16.5 Spellcasting
 * Level 23.5 Translocations
 O Level 27 Invocations
 - Level 8.8 Evocations


You had 25 spell levels left.
You knew the following spells:

 Your Spells              Type           Power        Failure   Level  Hunger
a - Passage of Golubria   Tloc           N/A          0%          4    None
b - Controlled Blink      Tloc           N/A          8%          8    #######
c - Dispersal             Tloc           #######...   1%          6    #####..
d - Disjunction           Tloc           #######...   8%          8    #######
e - Summon Forest         Summ/Tloc      ######....   4%          5    ###....
x - Apportation           Tloc           ######       0%          1    None
X - Blink                 Tloc           N/A          0%          2    None

Your spell library contained the following spells:

 Spells                   Type           Power        Failure   Level  Hunger
 Gell's Gravitas          Tloc           #######...   0%          3    None
 Lesser Beckoning         Tloc           #######...   0%          3    None
 Teleport Other           Tloc           #######.     0%          3    None
 Shroud of Golubria       Chrm/Tloc      ######....   1%          2    None
 Portal Projectile        Hex/Tloc       ######       1%          3    None
 Recall                   Summ/Tloc      N/A          1%          3    None
 Force Lance              Conj/Tloc      ######..     1%          4    None
 Animate Skeleton         Necr           N/A          19%         1    None
 Beastly Appendage        Tmut           ###...       19%         1    None
 Confusing Touch          Hex            ###...       19%         1    None
 Corona                   Hex            ###....      19%         1    None
 Flame Tongue             Conj/Fire      ###..        19%         1    None
 Freeze                   Ice            ###.         19%         1    None
 Magic Dart               Conj           ###.         19%         1    None
 Pain                     Necr           ###.         19%         1    None
 Sandblast                Erth           ###...       19%         1    None
 Shock                    Conj/Air       ###.         19%         1    None
 Sting                    Conj/Pois      ###.         19%         1    None
 Summon Butterflies       Summ           ###.....     19%         1    None
 Summon Small Mammal      Summ           ###.         19%         1    None
 Call Imp                 Summ           ###.....     28%         2    None
 Corpse Rot               Necr           N/A          28%         2    None
 Ensorcelled Hibernation  Hex/Ice        ###...       28%         2    None
 Passwall                 Tmut/Erth      ###.....     28%         2    None
 Poisonous Vapours        Pois/Air       ###...       28%         2    None
 Searing Ray              Conj           ###...       28%         2    None
 Slow                     Hex            ###.....     28%         2    None
 Sticks to Snakes         Tmut           ###.....     28%         2    None
 Swiftness                Chrm/Air       ###.....     28%         2    None
 Throw Flame              Conj/Fire      ###...       28%         2    None
 Throw Frost              Conj/Ice       ###...       28%         2    None
 Call Canine Familiar     Summ           ###.....     50%         3    None
 Confuse                  Hex            ###.....     50%         3    None
 Conjure Flame            Conj/Fire      ###.....     50%         3    None
 Dazzling Spray           Conj/Hex       ###...       50%         3    None
 Ignite Poison            Fire/Tmut/Pois ###.....     50%         3    None
 Inner Flame              Hex/Fire       ###.....     50%         3    None
 Mephitic Cloud           Conj/Pois/Air  ###.....     50%         3    None
 Ozocubu's Armour         Chrm/Ice       ###.....     50%         3    None
 Regeneration             Chrm/Necr      ###.......   50%         3    None
 Spider Form              Tmut/Pois      ###.......   50%         3    None
 Static Discharge         Conj/Air       ###.....     50%         3    None
 Stone Arrow              Conj/Erth      ###...       50%         3    None
 Summon Guardian Golem    Hex/Summ       ###.....     50%         3    None
 Tukima's Dance           Hex            ###.....     50%         3    None
 Vampiric Draining        Necr           ###.......   50%         3    None
 Malign Gateway           Summ/Tloc      ######....   77%         7    ######.
 Airstrike                Air            ###.......   88%         4    None
 Animate Dead             Necr           N/A          88%         4    None
 Cause Fear               Hex            ###.......   88%         4    None
 Fulminant Prism          Conj/Hex       ###.......   88%         4    None
 Ice Form                 Ice/Tmut       ###.....     88%         4    None
 Iskenderun's Mystic Bla  Conj           ###.....     88%         4    None
 Leda's Liquefaction      Hex/Erth       ###.......   88%         4    None
 Olgreb's Toxic Radiance  Pois           ###.....     88%         4    None
 Petrify                  Tmut/Erth      ###.....     88%         4    None
 Sticky Flame             Conj/Fire      ###.....     88%         4    None
 Summon Ice Beast         Ice/Summ       ###.....     88%         4    None
 Summon Lightning Spire   Summ/Air       ###.....     88%         4    None
 Throw Icicle             Conj/Ice       ###.....     88%         4    None
 Agony                    Necr           ###.....     99%         5    ###....
 Alistair's Intoxication  Tmut/Pois      ###.....     99%         5    ###....
 Aura of Abjuration       Summ           ###.......   99%         5    ###....
 Blade Hands              Tmut           ###.......   99%         5    ###....
 Bolt of Draining         Conj/Necr      ###.......   99%         5    ###....
 Bolt of Magma            Conj/Fire/Erth ###.......   99%         5    ###....
 Dispel Undead            Necr           ###.....     99%         5    ###....
 Excruciating Wounds      Chrm/Necr      ###.......   99%         5    ###....
 Fireball                 Conj/Fire      ###.......   99%         5    ###....
 Irradiate                Conj/Tmut      ###.......   99%         5    ###....
 Iskenderun's Battlesphe  Conj/Chrm      ###.....     99%         5    ###....
 Lee's Rapid Deconstruct  Erth           ###.......   99%         5    ###....
 Lightning Bolt           Conj/Air       ###.......   99%         5    ###....
 Metabolic Englaciation   Hex/Ice        ###.......   99%         5    ###....
 Silence                  Hex/Air        ###.......   99%         5    ###....
 Summon Demon             Summ           ###.......   99%         5    ###....
 Summon Mana Viper        Hex/Summ       ###.....     99%         5    ###....
 Venom Bolt               Conj/Pois      ###.......   99%         5    ###....
 Yara's Violent Unravell  Hex/Tmut       ###.......   99%         5    ###....
 Bolt of Cold             Conj/Ice       ###.......   100%        6    #####..
 Bolt of Fire             Conj/Fire      ###.......   100%        6    #####..
 Conjure Ball Lightning   Conj/Air       ###.......   100%        6    #####..
 Darkness                 Hex            ###.......   100%        6    #####..
 Deflect Missiles         Chrm/Air       ###.......   100%        6    #####..
 Freezing Cloud           Conj/Ice/Air   ###.......   100%        6    #####..
 Hydra Form               Tmut           ###.......   100%        6    #####..
 Invisibility             Hex            ###.....     100%        6    #####..
 Iron Shot                Conj/Erth      ###.......   100%        6    #####..
 Ozocubu's Refrigeration  Ice            ###.......   100%        6    #####..
 Shadow Creatures         Summ           N/A          100%        6    #####..
 Simulacrum               Ice/Necr       ###.......   100%        6    #####..
 Dragon Form              Tmut           ###.......   100%        7    ######.
 Monstrous Menagerie      Summ           ###.......   100%        7    ######.
 Orb of Destruction       Conj           ###.......   100%        7    ######.
 Ring of Flames           Chrm/Fire      ###.......   100%        7    ######.
 Spellforged Servitor     Conj/Summ      ###.......   100%        7    ######.
 Summon Greater Demon     Summ           ###.......   100%        7    ######.
 Summon Hydra             Summ           ###.......   100%        7    ######.
 Discord                  Hex            ###.......   100%        8    #######
 Ignition                 Fire           ###.......   100%        8    #######
 Necromutation            Tmut/Necr      ###.......   100%        8    #######
 Summon Horrible Things   Summ           ###.......   100%        8    #######
 Dragon's Call            Summ           ###.......   100%        9    #######
 Fire Storm               Conj/Fire      ###.......   100%        9    #######
 Shatter                  Erth           ###.......   100%        9    #######
 Tornado                  Air            ###.......   100%        9    #######
 Sublimation of Blood     Necr           Unusable     N/A         2    N/A
 Statue Form              Tmut/Erth      Unusable     N/A         6    N/A

Dungeon Overview and Level Annotations

Branches:
Dungeon (15/15)            Temple (1/1) D:4            Lair (6/6) D:11
 Shoals (4/4) Lair:3       Spider (4/4) Lair:4        Slime (5/5) Lair:5
    Orc (2/2) D:9             Elf (3/3) Orc:2        Vaults (5/5) D:13
  Crypt (3/3) Vaults:2       Tomb (3/3) Crypt:3      Depths (5/5) D:15
   Hell (1/1)                 Dis (7/7) Hell            Geh (7/7) Hell
    Coc (7/7) Hell            Tar (7/7) Hell            Zot (5/5) Depths:5

Altars:
Ashenzari
Cheibriados
Dithmenos
Elyvilon
Fedhas
Gozag
Kikubaaqudgha
Makhleb
Nemelex Xobeh
Okawaru
Qazlal
Ru
Sif Muna
Trog
Uskayaw
Vehumet
Xom
Yredelemnul
Zin
The Shining One
Beogh
Jiyva

Shops:
D:4 =(:(   D:8 (   Orc:2 (:%!   Elf:1 =(!   Elf:2 ([*   Shoals:3 (   Vaults:4 !
Depths:1 :   Depths:4 :}=}

Portals:
Hell: Depths:1 Depths:2 Depths:3 Depths:4 Depths:5
Abyss: Depths:4
Pandemonium: Orc:2 Depths:3 Depths:4
Ziggurat: Depths:2

Annotations:
Elf:2 3 runed translucent doors
Depths:2 1 runed translucent door
Zot:5 exclusion: Orb Guardian


Innate Abilities, Weirdness & Mutations

You are resistant to torment.
Your stone body is resilient. (AC +20)
You are immune to poison.
Your large and strong wings let you fly indefinitely.
You resist negative energy. (rN+)
You are resistant to electric shocks. (rElec)
You can survive without breathing.
You are immune to petrification.
You are immune to rotting.
You are surrounded by a mild repulsion field. (EV +2)
You have a somewhat thin skeletal structure. (Dex +2, Stealth)
Your flesh is cold resistant. (rC+)
Potions are less effective at restoring your health.


Message History

The damnation engulfs the plant!!
The hellion gestures at you.
The sphere of damnation explodes!
The damnation engulfs you!! The hellion gestures at you.
The sphere of damnation explodes!
The damnation engulfs you!
The damnation engulfs the hellion.
The hellion completely resists.
You puncture the hellion!
The hellion convulses!
The hellion is severely wounded.
You block the hellion's attack.
You puncture the hellion!
The hellion convulses.
You kill the hellion!
The Shining One accepts your kill.
You feel your power returning.
No target in view!
No target in view!
No target in view!
No target in view!
There is a staircase leading out of the dungeon here.
You can't go down here!
You have escaped!

#.# #.#########.## #.#
############.............
###.#####......................#.
.##..............................
.##..P≈≈≈≈≈≈≈≈P...P≈≈≈≈≈≈≈≈P...#.
.##..≈≈≈≈≈≈≈≈≈≈...≈≈≈≈≈≈≈≈≈≈.....
.##..≈≈≈≈≈≈≈≈≈≈...≈≈≈≈≈≈≈≈≈≈..##.
.##..P≈≈≈≈≈≈≈≈.....≈≈≈≈≈≈≈≈P..###
.##.............@.............###
.##..P≈≈≈≈≈≈≈≈.....≈≈≈≈≈≈≈≈P.....
.##..≈≈≈≈≈≈≈≈≈≈...≈≈≈≈≈≈≈≈≈≈...#.
.....≈≈≈≈≈≈≈≈≈≈...≈≈≈≈≈≈≈≈≈≈.....
.....P≈≈≈≈≈≈≈≈P...P≈≈≈≈≈≈≈≈P....#
...#............................#
...##.#.................####....#
...##.#....................)....#
...+................###.###....##


There were no monsters in sight!

Vanquished Creatures
  Cerebov (Pan)
  Antaeus (Coc:7)
  the Royal Jelly (Slime:5)
  Asmodeus (Geh:7)
  the Serpent of Hell (Geh:7)
  Gloorx Vloq (Pan)
  Lom Lobon (Pan)
  Mnoleg (Pan)
  2 pandemonium lords (Pan)
  Dispater (Dis:7)
  Khufu (Crypt:1)
  12 ancient liches
  5 orbs of fire (Zot:5)
  Mennas (Depths:3)
  Tiamat (Zot:4)
  A juggernaut (Depths:4)
  Sojobo (Vaults:3)
  27 greater mummies
  Boris (5 times) (Depths:3 Depths:4 Crypt:1 Crypt:3 Tomb:3)
  4 Killer Klowns
  Frederick (Depths:4)
  3 shard shrikes
  The ghost of rrossfarrar the Hoplite, a veteran BaFi of Cheibriados (Crypt:3)
  Bai Suzhen (Crypt:1)
  A curse toe (Zot:1)
  Geryon (Hell)
  5 caustic shrikes (Depths:5)
  Saint Roka (Depths:3)
  Nikola (Elf:3)
  8 golden dragons
  the Enchantress (Depths:2)
  11 liches
  A profane servitor (D:2)
  10 Tzitzimimeh
  Arachne (Spider:2)
  9 bone dragons
  8 doom hounds
  5 iron giants
  A hellephant (Pan)
  2 electric golems (Zot:5)
  Rupert (D:13)
  13 Brimstone Fiends
  31 tentacled monstrosities
  12 Ice Fiends
  4 deep elf master archers
  13 Hell Sentinels
  6 quicksilver dragons
  25 Orb Guardians
  9 deep elf blademasters
  20 titans
  30 acid blobs
  20 ancient champions
  16 Executioners
  Polyphemus (Shoals:4)
  14 tentacled starspawn
  An eldritch tentacle (Pan)
  9 sphinxes
  6 death cobs
  The ghost of Gaball the Tortoise, an adept MiBe of Trog (Shoals:3)
  A kraken (Shoals:4)
  10 draconian monks
  9 tengu reavers
  3 warmongers (Pan)
  12 shadow dragons
  15 storm dragons
  Ilsuiw (Shoals:2)
  11 azure jellies
  3 daevas (Depths:3)
  9 draconian knights
  8 revenants
  14 iron dragons
  An azure jelly (shapeshifter) (Vaults:5)
  19 fire giants
  23 frost giants
  3 emperor scorpions (Spider:4)
  15 vault wardens
  7 draconian scorchers
  6 ghost moths
  5 deep elf sorcerers
  2 orc warlords
  4 ghouls (Crypt:3)
  7 cacodemons
  27 balrugs
  3 deep elf elementalists
  10 draconian annihilators
  14 ironheart preservers
  5 draconian shifters
  3 curse skulls
  56 reapers
  A draconian stormcaller (Zot:2)
  3 war gargoyles
  3 spriggan defenders (Depths:2)
  28 very ugly things
  3 elemental wellsprings (Coc:7)
  The ghost of emiel the Severer, a journeyman FoFi of Okawaru (Orc:2)
  3 angels (Depths:3)
  3 entropy weavers
  2 blood saints (Pan)
  32 stone giants
  2 juggernaut skeletons (Depths:4)
  13 vampire knights
  13 green draconians
  16 black draconians
  3 corrupters (Pan)
  3 bennus
  2 black suns (Pan)
  A dire elephant (shapeshifter) (Vaults:5)
  11 red draconians
  7 deep elf annihilators
  9 deep elf demonologists
  A minotaur (D:11)
  A spectral titan (Crypt:3)
  25 small abominations
  8 lorocyprocas
  31 yellow draconians
  16 purple draconians
  22 white draconians
  9 eidola
  2 spark wasps
  8 green deaths
  25 ettins
  Snorg (D:11)
  9 deep elf death magi
  6 merfolk impalers
  6 spectral quicksilver dragons (Crypt:3)
  7 quicksilver dragon zombies
  5 merfolk javelineers
  2 death oozes
  5 jiangshi
  10 fire dragons
  The ghost of HEYYEYAAE the Quickloader, a journeyman OpHu of Okawaru (D:11)
  A crystal guardian (Abyss:4)
  5 kraken zombies
  20 yaktaur captains
  17 blizzard demons
  20 mummy priests
  6 ogre magi
  6 deep elf high priests
  17 great orbs of eyes
  27 vault guards
  A monstrous demonspawn (Pan)
  A spectral shadow dragon (Crypt:3)
  3 rakshasas
  18 ice dragons
  An alligator snapping turtle (Shoals:4)
  2 ghost crabs (Tar:7)
  6 death knights
  7 hydras
  An ice dragon (shapeshifter) (Depths:2)
  4 catoblepae
  7 quicksilver dragon skeletons
  23 two-headed ogres
  4 merfolk avatars
  A satyr (Shoals:2)
  4 spriggan air magi
  18 centaur warriors
  5 merfolk aquamancers
  10 tengu warriors
  A spectral frost giant (Crypt:3)
  9 vampire magi
  11 dancing weapons
  9 death yaks
  70 death scarabs
  17 thrashing horrors
  4 titan zombies
  10 deep troll shamans
  32 hell hogs
  7 deep troll earth magi
  A spectral dire elephant (Crypt:3)
  5 orc high priests (Orc:2)
  3 spriggan berserkers
  4 storm dragon zombies
  Urug (D:13)
  44 sun demons
  A spectral storm dragon (Crypt:3)
  Nergalle (D:9)
  12 wretched stars
  26 soul eaters
  3 iron golems
  17 deep elf knights
  13 sixfirhies
  12 titan skeletons
  A spectral emperor scorpion (Crypt:3)
  8 storm dragon skeletons
  31 hell knights
  116 skeletal warriors
  15 iron trolls
  22 shadow demons
  16 sea snakes
  4 spatial maelstroms
  30 deep trolls
  21 shadow wraiths
  4 golden dragon zombies
  2 ghost moth zombies
  2 unseen horrors (shapeshifter)
  6 cherubim (Depths:3)
  14 anaconda zombies
  5 gelid demonspawn
  10 glowing orange brains
  5 wizards
  17 deep elf archers
  6 infernal demonspawn
  51 large abominations
  8 shadow dragon zombies
  A swamp dragon (Lair:6)
  2 torturous demonspawn
  20 flayed ghosts
  25 phantasmal warriors
  A spectral iron dragon (Crypt:3)
  8 unseen horrors
  A swamp dragon (shapeshifter) (Vaults:2)
  An obsidian statue (Depths:1)
  15 ironbrand convokers
  2 spectral hydras (Crypt:3)
  A tengu zombie (Vaults:5)
  The ghost of Twixt the Protected, a novice MiFi of Makhleb (D:6)
  6 anaconda skeletons
  The ghost of RatmanManrat the Basher, a novice MiBe of Trog (D:6)
  3 golden dragon skeletons
  A lindwurm (Zot:4)
  4 spectral wolf spiders
  5 iron dragon zombies
  18 orc knights
  71 deep elf magi
  10 necromancers
  34 wolf spiders
  20 cyclopes
  26 harpies
  2 wolf spider zombies
  A mana viper (Abyss:4)
  5 oklob plants
  10 frost giant zombies
  13 fauns
  11 orc sorcerers
  6 fire giant zombies
  The ghost of kalagan the Digger, a novice DEEE (D:6)
  13 orb spiders
  A spectral fire dragon (Crypt:3)
  13 manticores
  6 stone giant zombies
  10 stone giant skeletons
  5 shadow dragon skeletons
  A tengu skeleton (Vaults:5)
  A spectral ettin (Crypt:3)
  40 ugly things
  8 iron dragon skeletons
  29 moths of wrath
  6 elephants
  2 moths of wrath (shapeshifter)
  6 dire elephant zombies
  A guardian serpent (shapeshifter) (Depths:4)
  5 shining eyes
  A spectral shock serpent (Crypt:3)
  5 worldbinders
  A salamander (shapeshifter) (Vaults:2)
  6 frost giant skeletons
  12 black mambas
  2 spectral iron trolls (Crypt:3)
  3 fire giant skeletons
  A gargoyle (D:12)
  7 merfolk sirens
  3 eyes of devastation
  A guardian serpent (Lair:6)
  4 ice statues
  32 rust devils
  5 molten gargoyles
  Psyche (D:10)
  A shock serpent zombie (Tar:2)
  2 dire elephant skeletons
  45 smoke demons
  A torpor snail (Lair:4)
  17 vault sentinels
  3 emperor scorpion zombies
  4 rime drakes
  A black draconian zombie (Hell)
  15 orange demons
  22 hellions
  4 water nymphs (Shoals:4)
  2 catoblepas zombies
  44 yaktaurs
  3 spectral redbacks
  An anaconda simulacrum (Coc:7)
  21 spiny frogs
  21 demonic crawlers
  59 ice devils
  8 komodo dragons
  59 freezing wraiths
  An iron troll zombie (Crypt:1)
  A yaktaur (shapeshifter) (D:14)
  6 efreet
  3 spectral deep trolls (Crypt:3)
  42 guardian mummies
  A minotaur skeleton (Tar:3)
  2 catoblepas skeletons
  21 hellwings
  38 tormentors
  17 ancient zymes
  A harpy zombie (Abyss:4)
  4 tengu conjurers
  18 hydra zombies
  37 red devils
  The ghost of erker the Chopper, an amateur DDGl (D:3)
  4 silent spectres
  A queen bee (Abyss:4)
  2 meliai (shapeshifter)
  12 trolls
  11 hydra skeletons
  36 jumping spiders
  30 merfolk
  6 spectral tarantellas (Spider:4)
  12 blink frogs
  8 meliai
  6 wind drakes
  15 hornets
  A hornet (shapeshifter) (Depths:2)
  119 slime creatures
  4 polar bears
  A shadow dragon simulacrum (Coc:4)
  2 harpy skeletons
  2 tarantella zombies (Spider:4)
  2 frost giant simulacra
  A blink frog (shapeshifter) (Vaults:1)
  7 fire dragon zombies
  2 jumping spider zombies
  20 raiju
  A raiju (shapeshifter) (Elf:3)
  A dream sheep (shapeshifter) (Vaults:5)
  7 dream sheep
  7 alligator zombies
  7 ice dragon zombies
  2 spectral jumping spiders (Spider:4)
  13 hippogriffs
  5 snapping turtles
  8 ettin zombies
  A spectral black mamba (Crypt:3)
  6 ice dragon skeletons
  Sigmund (D:3)
  8 ettin skeletons
  54 redbacks
  108 flying skulls
  33 shadows
  27 tarantellas
  A shock serpent simulacrum (Crypt:3)
  17 ynoxinuls
  2 spriggans (Depths:2)
  6 fire dragon skeletons
  39 wraiths
  A black mamba zombie (Dis:7)
  12 ushabtiu
  38 water elementals
  4 alligator skeletons
  A tarantella (shapeshifter) (Vaults:3)
  12 wyverns
  A hog (shapeshifter) (Elf:2)
  11 chaos spawn
  A dire elephant simulacrum (Crypt:2)
  A basilisk (shapeshifter) (Depths:4)
  5 golden eyes
  16 humans
  Grum (D:9)
  24 fire elementals
  8 hungry ghosts
  7 vampire mosquitoes
  3 black mamba skeletons
  48 yaks
  3 fire bats (Abyss:5)
  2 steam dragons
  2 yaks (shapeshifter)
  19 neqoxecs
  A catoblepas simulacrum (Crypt:2)
  Menkaure (D:7)
  6 insubstantial wisps (Abyss:4)
  5 spatial vortices
  A merfolk zombie (Geh:4)
  A naga (Lair:1)
  6 acid dragons
  6 wargs
  65 hell hounds
  3 hydra simulacra
  A merfolk skeleton (Crypt:2)
  A spectral snapping turtle (Crypt:3)
  33 water moccasins
  Duvessa (D:7)
  5 floating eyes (Pan)
  10 spiny frog zombies
  11 porcupines
  A sky beast (D:6)
  2 swamp drakes (Lair:6)
  A faun skeleton (Crypt:1)
  3 spiny frog skeletons
  13 ice beasts
  56 orc warriors
  47 starcursed masses
  An elephant zombie (Crypt:3)
  2 hornet zombies (Spider:4)
  An alligator simulacrum (Crypt:3)
  2 elf simulacra
  3 phantoms
  6 black bears
  5 eyes of draining
  3 manticore zombies
  23 necrophages
  10 boggarts
  4 snapping turtle zombies
  21 ogres
  26 centaurs
  A hog zombie (Crypt:2)
  11 wolves
  An ettin simulacrum (Coc:1)
  4 snapping turtle skeletons
  A dream sheep skeleton (Crypt:2)
  An elf skeleton (Vaults:3)
  2 manticore skeletons
  13 crocodiles
  2 swamp dragon skeletons (Coc:4)
  2 big kobolds (D:8)
  14 bullfrogs
  A big kobold (shapeshifter) (Depths:2)
  2 spiny frog simulacra
  A cyclops zombie (Crypt:1)
  2 earth elementals
  A gnoll sergeant (D:9)
  A wyvern skeleton (D:12)
  5 scorpions
  A spriggan zombie (Dis:4)
  A yak zombie (Crypt:2)
  Dowan (D:7)
  A manticore simulacrum (Hell)
  7 killer bees
  53 wights
  A polar bear skeleton (Crypt:3)
  2 electric eels
  A wolf zombie (Crypt:3)
  2 bullfrog zombies
  21 crimson imps
  7 quasits
  A wyvern simulacrum (D:14)
  6 centaur zombies
  A basilisk zombie (Crypt:1)
  6 hounds
  8 human zombies
  23 jellies
  Crazy Yiuf (D:3)
  37 orc priests
  A bullfrog skeleton (D:4)
  A human skeleton (Tar:7)
  32 iron imps
  7 centaur skeletons
  Jessica (D:3)
  5 iguanas
  10 worker ants
  22 orc wizards
  Natasha (thrice) (D:3)
  4 hell rats (Hell)
  A killer bee zombie (Crypt:3)
  A human simulacrum (Crypt:3)
  3 ogre skeletons
  A hound zombie (D:7)
  2 naga skeletons
  35 mummies
  A howler monkey zombie (D:11)
  A worker ant zombie (D:7)
  11 gnolls
  18 adders
  A naga simulacrum (Crypt:3)
  A swamp drake zombie (Crypt:3)
  18 shadow imps
  34 white imps
  4 ufetubi
  2 oozes
  An adder zombie (D:7)
  An adder skeleton (D:6)
  6 worms
  3 dart slugs
  13 leopard geckos
  116 orcs
  2 ball pythons
  6 bats
  3 bat zombies (D:4)
  20 giant cockroaches
  6 goblins
  14 hobgoblins
  9 jackals
  8 quokkas
  5 frilled lizards
  12 kobolds
  2 leopard gecko skeletons
  An orc zombie (Crypt:1)
  2 quokka skeletons (D:9)
  9 rats
  2 rat zombies
  A crawling corpse (Elf:3)
  2 fire vortices (Pan)
  A plant (Lair:1)
  22 starspawn tentacles
  15 tentacles
5076 creatures vanquished.

Vanquished Creatures (collateral kills)
  Ereshkigal (Tar:7)
  3 greater mummies (Tomb:3)
  A pandemonium lord (Pan)
  2 Brimstone Fiends
  2 Tzitzimimeh (Tar:7)
  2 iron giants (Dis:7)
  A tentacled monstrosity (Pan)
  A Hell Sentinel (Dis:7)
  2 Orb Guardians (Zot:5)
  An Executioner (Pan)
  4 ancient champions
  2 balrugs
  4 cacodemons
  A reaper (Geh:7)
  A bennu (Tomb:3)
  3 mummy priests
  A kraken zombie (Coc:7)
  A death scarab (Tomb:2)
  5 skeletal warriors
  A torturous demonspawn (Pan)
  A flayed ghost (Dis:7)
  An obsidian statue (Zot:5)
  A frost giant zombie (Dis:7)
  A shining eye (Pan)
  A rust devil (Dis:7)
  A smoke demon (Tomb:2)
  An ice statue (Coc:7)
  A hellion (Geh:7)
  2 tormentors
  A catoblepas skeleton (Geh:7)
  7 guardian mummies (Tomb:3)
  A red devil (Geh:7)
  An ettin zombie (Dis:7)
  A large abomination (Pan)
  An ice dragon skeleton (Geh:7)
  7 flying skulls
  A shadow (Tar:7)
  5 ushabtiu
  A golden eye (Pan)
  A neqoxec (Pan)
  A floating eye (Pan)
  3 mummies
  A fire vortex (Pan)
81 creatures vanquished.

Vanquished Creatures (others)
  A tengu reaver (Vaults:3)
  An ironheart preserver (Vaults:5)
  A blood saint (Pan)
  A vampire knight (Depths:2)
  A lorocyproca (Pan)
  A green death (Pan)
  5 death scarabs (Tomb:2)
  4 hell hogs
  A deep elf knight (Vaults:2)
  A sixfirhy (Abyss:4)
  A ghost moth zombie (Hell)
  A torturous demonspawn (Pan)
  3 wizards (Pan)
  A deep elf mage (Vaults:5)
  A moth of wrath (Zot:3)
  A smoke demon (Pan)
  2 hellwings (Pan)
  A ynoxinul (Pan)
  A golden eye (Abyss:4)
  2 hell hounds
  An orc warrior (Vaults:5)
  A necrophage (Geh:3)
  A killer bee (Abyss:4)
  An orc wizard (D:5)
  A basilisk skeleton (Crypt:3)
  A hell rat (Hell)
  A mummy (Tomb:2)
  3 ball lightnings (Pan)
  A demonic plant (Pan)
  29 fungi
  2 lurking horrors (Abyss:4)
  31 plants
  24 starspawn tentacles
  42 tentacles
  4 withered plants (D:6)
174 creatures vanquished.

Grand Total: 5331 creatures vanquished

Notes
Turn   | Place    | Note
-------+----------+-------------------------------------------
     0 | D:1      | SnubMonkey the Gargoyle Fighter began the quest for the
                  | Orb.
     0 | D:1      | Reached XP level 1. HP: 14/14 MP: 1/1
   101 | D:1      | Reached XP level 2. HP: 19/19 MP: 2/2
   578 | D:1      | Reached XP level 3. HP: 23/23 MP: 3/3
  1010 | D:2      | Reached XP level 4. HP: 22/29 MP: 4/4
  1522 | D:2      | Reached XP level 5. HP: 26/33 MP: 5/5
  1786 | D:3      | Noticed Natasha
  1799 | D:3      | Killed Natasha
  2005 | D:3      | Noticed Natasha
  2025 | D:3      | Killed Natasha
  2097 | D:3      | Reached XP level 6. HP: 37/39 MP: 6/6
  2207 | D:3      | Found a runed translucent door.
  2224 | D:3      | Reached skill level 5 in Maces & Flails
  2241 | D:3      | Noticed erker's ghost (amateur DDGl)
  2414 | D:3      | Noticed Jessica
  2420 | D:3      | Killed Jessica
  2421 | D:3      | Noticed Sigmund
  2536 | D:3      | Killed Sigmund
  2536 | D:3      | Reached skill level 5 in Fighting
  2536 | D:3      | Reached skill level 5 in Shields
  2536 | D:3      | Reached XP level 7. HP: 31/44 MP: 7/7
  2695 | D:3      | Noticed Natasha
  2709 | D:3      | Killed Natasha
  2840 | D:3      | Found an iron altar of Okawaru.
  2849 | D:3      | Became a worshipper of Warmaster Okawaru
  2931 | D:3      | Found a runed translucent door.
  2932 | D:3      | Noticed Crazy Yiuf
  3068 | D:4      | Found Ipnunec's Antique Weapon Shop.
  3105 | D:4      | Found a staircase to the Ecumenical Temple.
  3121 | Temple   | Entered the Ecumenical Temple
  3428 | D:4      | Found Kahyza Zimi's Jewellery Shop.
  3541 | D:4      | Reached skill level 1 in Invocations
  3816 | D:4      | Found Ykhlor's Book Shop.
  3853 | D:4      | Found Reufikk's Weapon Boutique.
  4203 | D:4      | Found an ancient bone altar of Kikubaaqudgha.
  4324 | D:5      | Entered Level 5 of the Dungeon
  4417 | D:5      | Reached XP level 8. HP: 45/51 MP: 9/9
  5812 | D:6      | Reached * piety under Okawaru
  5829 | D:6      | Noticed a wyvern
  5849 | D:6      | Killed a wyvern
  6005 | D:6      | Reached XP level 9. HP: 56/56 MP: 9/12
  6102 | D:6      | Found a blossoming altar of Fedhas.
  6179 | D:6      | Found a runed translucent gate.
  6179 | D:6      | Found a runed translucent gate.
  6180 | D:6      | Found a runed translucent gate.
  6413 | D:6      | Reached ** piety under Okawaru
  6555 | D:6      | Noticed Twixt's ghost (novice MiFi)
  6556 | D:6      | Noticed kalagan's ghost (novice DEEE)
  6556 | D:6      | Noticed RatmanManrat's ghost (novice MiBe)
  6907 | D:6      | Found a snail-covered altar of Cheibriados.
  7303 | D:7      | Noticed Dowan
  7332 | D:7      | Killed Dowan
  7360 | D:7      | Reached skill level 5 in Invocations
  7432 | D:7      | Noticed Menkaure
  7449 | D:7      | Killed Menkaure
  7645 | D:7      | Noticed Duvessa
  7654 | D:7      | Killed Duvessa
  7857 | D:7      | Found an opulent altar of Gozag.
  8443 | D:8      | Found Erphuukou's Antique Weapon Shop.
  8450 | D:8      | Bought a glowing flail for 214 gold pieces
  8496 | D:8      | Reached skill level 10 in Maces & Flails
  8496 | D:8      | Reached XP level 10. HP: 61/61 MP: 14/14
  8598 | D:8      | Reached *** piety under Okawaru
  9054 | D:8      | Found a shimmering altar of Xom.
  9124 | D:8      | Identified a scroll of acquirement
  9125 | D:8      | Got a dazzling buckler
  9136 | D:8      | Identified the +0 buckler "Tarar" {Str+6 Int+7} (You
                  | acquired it on level 8 of the Dungeon)
  9250 | D:9      | Noticed Grum
  9267 | D:9      | Killed Grum
  9456 | D:9      | Reached **** piety under Okawaru
  9510 | D:9      | Found a hide-covered altar of Uskayaw.
  9650 | D:9      | Noticed a two-headed ogre
  9659 | D:9      | Killed a two-headed ogre
  9659 | D:9      | Reached XP level 11. HP: 66/66 MP: 13/16
  9832 | D:9      | Noticed a two-headed ogre
  9847 | D:9      | Killed a two-headed ogre
  9896 | D:9      | Found a staircase to the Orcish Mines.
 10016 | D:10     | Entered Level 10 of the Dungeon
 10420 | D:10     | Noticed Psyche
 10438 | D:10     | Killed Psyche
 10438 | D:10     | Reached ***** piety under Okawaru
 10758 | D:11     | Noticed a cyclops
 10788 | D:11     | Killed a cyclops
 10801 | D:11     | Got a steaming war axe
 10859 | D:11     | Received a gift from Okawaru
 10884 | D:11     | Noticed a minotaur
 10884 | D:11     | Noticed HEYYEYAAE's ghost (journeyman OpHu)
 10919 | D:11     | Killed an unseen horror
 10973 | D:11     | Noticed a two-headed ogre
 10994 | D:11     | Killed a two-headed ogre
 11068 | D:11     | Found a runed translucent gate.
 11068 | D:11     | Found a runed translucent gate.
 11069 | D:11     | Found a runed translucent gate.
 11275 | D:11     | Noticed Snorg
 11306 | D:11     | Killed Snorg
 11308 | D:11     | Reached skill level 10 in Shields
 11403 | D:11     | Found a staircase to the Lair.
 11463 | D:11     | Noticed a cyclops
 11531 | D:11     | Killed a cyclops
 11582 | D:11     | Reached XP level 12. HP: 70/72 MP: 18/18
 11701 | D:11     | Noticed a five-headed hydra
 11714 | D:11     | Killed a five-headed hydra
 11714 | D:11     | Received a gift from Okawaru
 11809 | Lair:1   | Entered Level 1 of the Lair of Beasts
 11809 | Lair:1   | Noticed Sonja
 11813 | Lair:1   | Noticed Sonja
 11813 | Lair:1   | Sonja changed into Sonja the naga
 11835 | Lair:1   | Killed Sonja the naga
 12483 | Lair:1   | Received a gift from Okawaru
 13368 | Lair:3   | Noticed a five-headed hydra
 13383 | Lair:3   | Killed a five-headed hydra
 13393 | Lair:3   | Received a gift from Okawaru
 13746 | Lair:3   | Found a staircase to the Shoals.
 14229 | Lair:4   | Noticed a death yak
 14229 | Lair:4   | Noticed a death yak
 14229 | Lair:4   | Noticed a death yak
 14229 | Lair:4   | Noticed a death yak
 14269 | Lair:3   | Killed a death yak
 14269 | Lair:3   | Reached XP level 13. HP: 64/80 MP: 16/19
 14378 | Lair:3   | Reached skill level 15 in Maces & Flails
 14721 | Lair:4   | Got an ancient mace
 14834 | Lair:4   | Reached skill level 10 in Fighting
 15042 | Lair:4   | Reached ****** piety under Okawaru
 15359 | Lair:4   | Found a hole to the Spider Nest.
 15368 | Lair:4   | Received a gift from Okawaru
 15434 | Lair:4   | Identified the +9 mace "Newt's Death Toll" {freeze, rPois
                  | rN+ Int-2 Stlth+} (You found it on level 4 of the Lair of
                  | Beasts)
 16257 | Lair:5   | Found a viscous altar of Jiyva.
 16258 | Lair:5   | Found a staircase to the Slime Pits.
 16469 | Lair:5   | Identified the +3 war axe "Acub" {pain, rPois rC+ MP+9}
                  | (You found it on level 11 of the Dungeon)
 16515 | Lair:6   | Entered Level 6 of the Lair of Beasts
 16833 | Lair:6   | Gained mutation: Your large and strong wings let you fly
                  | indefinitely. [Gargoyle growth]
 16833 | Lair:6   | Reached XP level 14. HP: 88/88 MP: 18/20
 16888 | Lair:6   | Received a gift from Okawaru
 16923 | Lair:6   | Got a translucent flail {god gift}
 17336 | Lair:6   | Got a flickering steel ring
 17425 | Lair:6   | Got a translucent flail
 17436 | Lair:6   | Identified the +4 flail of the Scroll {freeze, *Drain rPois
                  | Dex-3 SInv} (You found it on level 6 of the Lair of Beasts)
 18156 | Lair:6   | Identified the +1 flail of Icsa {elec, rPois rF+ MP+9}
                  | (Okawaru gifted it to you on level 6 of the Lair of Beasts)
 18482 | Lair:6   | Received a gift from Okawaru
 19848 | D:13     | Found a gate to the Vaults.
 19848 | D:13     | Noticed Rupert
 19848 | D:13     | Noticed Urug
 19865 | D:12     | Received a gift from Okawaru
 19870 | D:12     | Reached skill level 5 in Armour
 20254 | D:12     | Reached XP level 15. HP: 97/97 MP: 21/21
 20370 | D:13     | Received a gift from Okawaru
 20370 | D:13     | Reached skill level 15 in Shields
 20412 | D:13     | Got a warped eveningstar {god gift}
 20451 | D:13     | Killed Rupert
 20502 | D:13     | Killed Urug
 20725 | D:13     | Received a gift from Okawaru
 21441 | D:13     | Identified the +2 eveningstar of Doors {crush, *Rage +Inv
                  | Str+3 Dex+4} (Okawaru gifted it to you on level 13 of the
                  | Dungeon)
 21444 | D:13     | Identified the ring "Dicvirir" {+Blink +Inv EV+1 Str-3}
                  | (You found it on level 6 of the Lair of Beasts)
 22217 | D:14     | Reached skill level 1 in Dodging
 22803 | D:15     | Entered Level 15 of the Dungeon
 22849 | D:15     | Noticed a fire giant
 23415 | D:15     | Found a staircase to the Depths.
 23476 | D:15     | Reached XP level 16. HP: 107/107 MP: 22/22
 23501 | D:15     | Received a gift from Okawaru
 23522 | D:15     | Reached skill level 15 in Fighting
 23549 | D:15     | Got a fine mace
 24301 | Orc:1    | Entered Level 1 of the Orcish Mines
 24381 | Orc:1    | Noticed Nergalle
 24428 | D:9      | Reached skill level 10 in Armour
 24473 | D:9      | Killed Nergalle
 24981 | Orc:1    | Found a runed translucent door.
 25194 | Orc:1    | Found a roughly hewn altar of Beogh.
 25211 | Orc:1    | Identified the Tome of Intoxication and Talismans
 25332 | Orc:2    | Entered Level 2 of the Orcish Mines
 25500 | Orc:2    | Found a large runed translucent door.
 25641 | Orc:2    | Found a large runed translucent door.
 25660 | Orc:2    | Found a staircase to the Elven Halls.
 25856 | Orc:2    | Noticed emiel's ghost (journeyman FoFi)
 26256 | Orc:2    | Found Qoilayn's Distillery.
 26267 | Orc:2    | Found Poluogge's Food Boutique.
 26762 | Orc:2    | Received a gift from Okawaru
 27296 | Orc:2    | Found Gitocaw's Antique Weapon Shoppe.
 27296 | Orc:2    | Found Kiebagum's Book Emporium.
 27314 | Orc:2    | Found a one-way gate leading to the halls of Pandemonium.
 27387 | Orc:2    | Killed emiel's ghost
 27387 | Orc:2    | Reached skill level 5 in Dodging
 27461 | Orc:2    | Bought a potion of heal wounds for 70 gold pieces
 27461 | Orc:2    | Bought a potion of heal wounds for 70 gold pieces
 27461 | Orc:2    | Bought a potion of agility for 56 gold pieces
 27620 | D:6      | Killed Twixt's ghost
 27623 | D:6      | Killed kalagan's ghost
 27626 | D:6      | Killed RatmanManrat's ghost
 27782 | D:3      | Killed Crazy Yiuf
 27884 | D:3      | Killed erker's ghost
 28169 | Spider:1 | Entered Level 1 of the Spider Nest
 28174 | Spider:1 | Identified the +6 mace "Mengeny" {vamp, Dex+3} (You found
                  | it on level 15 of the Dungeon)
 28553 | Spider:1 | Reached XP level 17. HP: 77/116 MP: 23/23
 28715 | Spider:1 | Received a gift from Okawaru
 29967 | Spider:3 | Noticed Arachne
 30009 | Spider:2 | Killed Arachne
 30095 | Spider:3 | Received a gift from Okawaru
 30516 | Spider:4 | Entered Level 4 of the Spider Nest
 31936 | Spider:4 | Received a gift from Okawaru
 32147 | Spider:4 | Reached XP level 18. HP: 126/126 MP: 9/24
 32860 | Spider:4 | Got a gossamer rune of Zot
 33028 | Shoals:1 | Entered Level 1 of the Shoals
 33251 | Shoals:1 | You are sucked into a shaft!
 33333 | Shoals:2 | Noticed Ilsuiw
 33440 | Shoals:2 | Received a gift from Okawaru
 34514 | Shoals:2 | Received a gift from Okawaru
 34648 | Shoals:2 | Killed Ilsuiw
 34880 | Shoals:3 | Received a gift from Okawaru
 34893 | Shoals:3 | Found Coamar's Weapon Boutique.
 35405 | Shoals:2 | Received a gift from Okawaru
 35659 | Shoals:3 | Found a runed translucent door.
 35661 | Shoals:3 | Noticed Gaball's ghost (adept MiBe)
 35907 | Shoals:3 | Killed Gaball's ghost
 35987 | Shoals:4 | Entered Level 4 of the Shoals
 36037 | Shoals:4 | Noticed Polyphemus
 36087 | Shoals:4 | Killed Polyphemus
 36124 | Shoals:4 | Found the +3 Elemental Staff {rElec rF++ rC++ MR++ AC+5}
 36153 | Shoals:4 | Reached XP level 19. HP: 134/134 MP: 25/25
 37124 | Shoals:4 | Received a gift from Okawaru
 37455 | Shoals:4 | Got a barnacled rune of Zot
 37704 | Vaults:1 | Entered Level 1 of the Vaults
 37747 | Vaults:1 | Reached skill level 10 in Dodging
 38106 | Vaults:1 | Reached skill level 15 in Armour
 38485 | Vaults:1 | Noticed a Tzitzimitl
 38675 | Vaults:1 | Received a gift from Okawaru
 39655 | Vaults:2 | Noticed a lich
 39662 | Vaults:2 | Killed a lich
 39787 | Vaults:2 | Reached XP level 20. HP: 144/144 MP: 26/26
 40204 | Vaults:2 | Received a gift from Okawaru
 40714 | Vaults:2 | Paralysed by the power of Zot for 3 turns
 40747 | Vaults:2 | Gained mutation: You are frail. (-10% HP) [a neqoxec]
 40749 | Vaults:2 | Gained mutation: Your magical capacity is low. (-10% MP) [a
                  | neqoxec]
 40754 | Vaults:2 | Gained mutation: Scrolls take you a little longer to read.
                  | [a neqoxec]
 40770 | Vaults:2 | Lost mutation: Your magical capacity is low. (-10% MP)
                  | [potion of mutation]
 40770 | Vaults:2 | Lost mutation: You are frail. (-10% HP) [potion of
                  | mutation]
 40770 | Vaults:2 | Lost mutation: Scrolls take you a little longer to read.
                  | [potion of mutation]
 40770 | Vaults:2 | Gained mutation: You are robust. (+10% HP) [potion of
                  | mutation]
 40770 | Vaults:2 | Gained mutation: You have a pair of small antennae on your
                  | head. [potion of mutation]
 40770 | Vaults:2 | Gained mutation: You have sharp fingernails. [potion of
                  | mutation]
 40971 | Vaults:2 | Received a gift from Okawaru
 41178 | Vaults:2 | Found a staircase to the Crypt.
 41318 | Vaults:2 | Received a gift from Okawaru
 42176 | Vaults:3 | Reached skill level 1 in Evocations
 42308 | Vaults:3 | Noticed Sojobo
 42473 | Vaults:3 | Killed Sojobo
 42907 | Vaults:4 | Received a gift from Okawaru
 42924 | Vaults:4 | Reached XP level 21. HP: 166/166 MP: 27/27
 43627 | Vaults:4 | Got a sparkling lead ring
 43932 | Vaults:4 | Found Utog Lao's Distillery.
 43939 | Vaults:4 | Bought a potion of heal wounds for 75 gold pieces
 43939 | Vaults:4 | Bought a potion of resistance for 150 gold pieces
 44058 | Vaults:4 | Received a gift from Okawaru
 44072 | Vaults:4 | Identified a +0 pair of boots of running (Okawaru gifted it
                  | to you on level 4 of the Vaults)
 44938 | D:11     | Identified the ring "Fozaj" {MP-9 Int+6 Stlth-} (You found
                  | it on level 4 of the Vaults)
 45017 | D:11     | Killed HEYYEYAAE's ghost
 45556 | Depths:1 | Entered Level 1 of the Depths
 45698 | Depths:1 | Reached skill level 5 in Evocations
 45824 | Depths:1 | Found Futsaesma's Book Shop.
 46523 | Depths:1 | Found a gateway to Hell.
 46650 | Depths:1 | Reached XP level 22. HP: 150/176 MP: 28/28
 47001 | Depths:2 | Noticed an ancient lich
 47040 | Depths:2 | Received a gift from Okawaru
 47090 | Depths:2 | Identified the +1 faerie dragon scales {rCorr Str+2 Int+8
                  | Stlth-}
 47090 | Depths:2 | Noticed the Enchantress
 47125 | Depths:2 | Killed the Enchantress
 47908 | Depths:2 | Found a runed translucent door.
 47917 | Depths:2 | Received a gift from Okawaru
 47923 | Depths:2 | Got a sparkling ruby amulet
 47924 | Depths:2 | Identified the amulet "Civvu" {Spirit Int+7} (You found it
                  | on level 2 of the Depths)
 48550 | Depths:2 | Killed an ancient lich
 48604 | Depths:2 | Found a gateway to a ziggurat.
 48920 | Depths:3 | Noticed Saint Roka
 48952 | Depths:3 | Killed Saint Roka
 49205 | Depths:3 | Received a gift from Okawaru
 49611 | Depths:3 | Noticed Mennas
 49617 | Depths:3 | Identified the +6 large shield of Lucidity {Str+5}
 49855 | Depths:3 | Found a glowing silver altar of Zin.
 49932 | Depths:3 | Killed Mennas
 49932 | Depths:3 | Reached XP level 23. HP: 158/184 MP: 26/29
 51129 | Depths:3 | Noticed Boris
 51149 | Depths:3 | Killed Boris
 51902 | Depths:4 | Received a gift from Okawaru
 51905 | Depths:4 | Identified the +1 morningstar of Reapportionment {protect,
                  | rF+ MR++ Str-3 Int-3 Dex+2} (Okawaru gifted it to you on
                  | level 4 of the Depths)
 51944 | Depths:4 | Noticed a juggernaut
 51961 | Depths:4 | Killed a juggernaut
 52151 | Depths:4 | Noticed Boris
 52167 | Depths:4 | Killed Boris
 52379 | Depths:4 | Noticed Frederick
 52388 | Depths:4 | Killed Frederick
 52454 | Depths:4 | Found a one-way gate to the infinite horrors of the Abyss.
 52597 | Depths:4 | Found Zappev's Gadget Boutique.
 52597 | Depths:4 | Found Edytusin's Jewellery Shoppe.
 52598 | Depths:4 | Found Pigutzi's Gadget Boutique.
 52840 | Depths:4 | Found Moipt's Book Boutique.
 52843 | Depths:4 | Bought a manual of Shields for 1876 gold pieces
 52868 | Depths:5 | Entered Level 5 of the Depths
 52913 | Depths:5 | Reached XP level 24. HP: 193/193 MP: 29/29
 52970 | Depths:5 | Found a portal to a secret trove of treasure.
 53048 | Depths:5 | Found a gate to the Realm of Zot.
 53150 | Depths:5 | Received a gift from Okawaru
 53193 | Depths:5 | Noticed a caustic shrike
 53193 | Depths:5 | Noticed a caustic shrike
 53194 | Depths:5 | Noticed a caustic shrike
 53197 | Depths:5 | Noticed a caustic shrike
 53209 | Depths:5 | Noticed a caustic shrike
 53221 | Depths:5 | Killed a caustic shrike
 53228 | Depths:5 | Killed a caustic shrike
 53239 | Depths:5 | Killed a caustic shrike
 53256 | Depths:5 | Killed a caustic shrike
 53264 | Depths:5 | Killed a caustic shrike
 53601 | Depths:5 | Found a shattered altar of Ashenzari.
 54400 | Elf:1    | Entered Level 1 of the Elven Halls
 54731 | Elf:1    | Found Puagg's Jewellery Shoppe.
 54735 | Elf:1    | Bought the ring "Liushud" {rF++ rN+ Str+2 Stlth+} for 705
                  | gold pieces
 54769 | Elf:1    | Found Utza's Distillery.
 54777 | Elf:1    | Bought a potion of heal wounds for 60 gold pieces
 54777 | Elf:1    | Bought a potion of heal wounds for 60 gold pieces
 54777 | Elf:1    | Bought 2 potions of might for 96 gold pieces
 55077 | Elf:1    | Found Buotaci's Weapon Boutique.
 55497 | Elf:2    | Found Cihasets's Weapon Shoppe.
 55674 | Elf:2    | Found a runed translucent gate.
 55674 | Elf:2    | Found a runed translucent gate.
 55684 | Elf:2    | Found a runed translucent gate.
 55703 | Elf:2    | Found Tapinofi's Armour Emporium.
 55863 | Elf:2    | Found Nang's General Store.
 56011 | Elf:3    | Entered Level 3 of the Elven Halls
 56292 | Elf:3    | Received a gift from Okawaru
 56411 | Elf:3    | Noticed Nikola
 56440 | Elf:3    | Killed Nikola
 56690 | Elf:3    | Identified the ring "Jelics" {rF+ AC+2}
 56866 | Elf:3    | Identified the +7 mace of Giakubb {vamp, MR+ Str+7 Int+4}
 56883 | Elf:3    | Identified the +3 quarterstaff "Epsokoll" {freeze, MR+}
 57729 | Vaults:5 | Entered Level 5 of the Vaults
 57730 | Vaults:5 | Noticed an ancient lich
 57750 | Vaults:4 | Reached XP level 25. HP: 202/202 MP: 22/29
 58156 | Vaults:5 | Received a gift from Okawaru
 58581 | Vaults:5 | Identified the cursed ring of the Heron {EV-3 Int+6}
 58601 | Vaults:5 | Killed an ancient lich
 58776 | Vaults:5 | Received a gift from Okawaru
 58912 | Vaults:5 | Reached XP level 26. HP: 140/211 MP: 16/29
 59067 | Vaults:5 | Identified the +2 leather armour "Oqinirch" {rPois rN+
                  | Regen+ Stlth-}
 59094 | Vaults:5 | Identified the cursed +1 whip of the Final Decision
                  | {freeze, Str+7 Dex+3}
 59123 | Vaults:5 | Identified the +0 chain mail of Obirho {SInv}
 59152 | Vaults:5 | Identified the cursed +0 buckler of Hairiness {+Blink rElec
                  | rPois}
 59249 | Vaults:5 | Got a bloodstained cloak {god gift}
 59250 | Vaults:5 | Identified the +2 cloak of Suppaehu {rF+ Str+4 Dex+5}
                  | (Okawaru gifted it to you on level 5 of the Vaults)
 59413 | Vaults:5 | Identified the cursed +3 falchion of Eternity {slice, rPois
                  | rN+ MR+ Str-3}
 59651 | Vaults:5 | Got a silver rune of Zot
 59870 | Vaults:5 | Got a pitted brass ring
 59871 | Vaults:5 | Identified the ring of Jidoe {*Contam rC+ EV+2 Str+3} (You
                  | found it on level 5 of the Vaults)
 59885 | Vaults:5 | Identified the +1 robe of Grace {SInv}
 60629 | Elf:1    | Bought an uncursed ring of resist corrosion for 280 gold
                  | pieces
 60947 | Slime:1  | Entered Level 1 of the Pits of Slime
 61253 | Slime:3  | Received a gift from Okawaru
 61611 | Slime:5  | Entered Level 5 of the Pits of Slime
 61878 | Slime:5  | Received a gift from Okawaru
 61939 | Slime:5  | Reached skill level 27 in Fighting
 62082 | Slime:5  | Noticed the Royal Jelly
 62114 | Slime:5  | Killed the Royal Jelly
 62189 | Slime:5  | Identified the cursed +0 broad axe of the Candelabrum
                  | {speed, MR+ Str-4 Int+5} (You found it on level 5 of the
                  | Pits of Slime)
 62205 | Slime:5  | Got a pair of ancient gloves
 62206 | Slime:5  | Identified the +2 pair of gloves of the Greedy {*Corrode
                  | MR+ Str+2} (You acquired it on level 5 of the Pits of
                  | Slime)
 62215 | Slime:5  | Identified The Last Secrets of Sorcery
 62228 | Slime:5  | Identified the Collected Works on Orientation and
                  | Bewitchment
 62278 | Slime:5  | Got a slimy rune of Zot
 62744 | Depths:5 | You paid a toll of a +6 demon trident to enter a treasure
                  | trove
 62745 | Trove    | Entered a treasure trove
 62775 | Trove    | Identified Sif Muna's Grimoire of the Cloudy Arsonist
 62777 | Trove    | Identified Duth's Incunabulum of Contamination and Cold
 62800 | Trove    | Got a faintly glowing diamond amulet
 62805 | Trove    | Got a flickering iron amulet
 62839 | Depths:5 | Identified the amulet "Wuschyth" {Spirit rC+} (You found it
                  | in a treasure trove)
 62840 | Depths:5 | Identified the amulet "Koxig" {+Rage rF+ Str+7 Dex-4 SInv}
                  | (You found it in a treasure trove)
 62852 | Depths:5 | Learned a level 1 spell: Apportation
 62855 | Depths:5 | Learned a level 2 spell: Blink
 62860 | Depths:5 | Learned a level 4 spell: Passage of Golubria
 62869 | Depths:5 | Learned a level 8 spell: Controlled Blink
 63733 | Zot:1    | Entered Level 1 of the Realm of Zot
 63876 | Depths:5 | Reached XP level 27. HP: 218/218 MP: 26/30
 64002 | Zot:1    | Received a gift from Okawaru
 64043 | Zot:1    | Reached skill level 10 in Invocations
 64648 | Zot:1    | Received a gift from Okawaru
 65523 | Zot:2    | Reached skill level 15 in Dodging
 66107 | Zot:2    | Received a gift from Okawaru
 67329 | Zot:4    | Received a gift from Okawaru
 68712 | Zot:5    | Entered Level 5 of the Realm of Zot
 68751 | Zot:5    | Identified the +4 dragonskin cloak
 68751 | Zot:5    | Noticed Tiamat
 69122 | Zot:4    | Killed Tiamat
 69122 | Zot:4    | Received a gift from Okawaru
 69136 | Zot:4    | Identified the +6 morningstar of Crawling {vamp, Str+2
                  | Int-5 Dex+4} (Okawaru gifted it to you on level 4 of the
                  | Realm of Zot)
 69510 | Zot:5    | Noticed an orb of fire
 69522 | Zot:5    | Gained mutation: Scrolls take you a little longer to read.
                  | [an orb of fire]
 69531 | Zot:5    | Killed an orb of fire
 69604 | Zot:5    | Received a gift from Okawaru
 69707 | Zot:5    | Noticed an ancient lich
 69758 | Zot:5    | Killed an ancient lich
 69877 | Zot:5    | Noticed an orb of fire
 69905 | Zot:5    | Gained mutation: Potions are less effective at restoring
                  | your health. [an orb of fire]
 69908 | Zot:5    | Killed an orb of fire
 70010 | Zot:5    | Noticed an ancient lich
 70055 | Zot:5    | Killed an ancient lich
 70311 | Zot:5    | Noticed an ancient lich
 70353 | Zot:5    | Killed an ancient lich
 70383 | Zot:5    | Noticed an ancient lich
 70405 | Zot:5    | Killed an ancient lich
 70425 | Zot:5    | Received a gift from Okawaru
 71228 | Temple   | Fell from the grace of Okawaru
 71228 | Temple   | Became a worshipper of the Shining One
 71514 | Crypt:1  | Entered Level 1 of the Crypt
 71712 | Crypt:1  | Noticed Boris
 71748 | Crypt:1  | Killed Boris
 71820 | Crypt:1  | Reached * piety under the Shining One
 72163 | Crypt:1  | Found a basalt altar of Yredelemnul.
 72175 | Crypt:1  | Reached ** piety under the Shining One
 72244 | Crypt:1  | Noticed a greater mummy
 72258 | Crypt:1  | Killed a greater mummy
 72271 | Crypt:1  | Noticed a greater mummy
 72277 | Crypt:1  | Noticed a greater mummy
 72287 | Crypt:1  | Killed a greater mummy
 72307 | Crypt:1  | Killed a greater mummy
 72314 | Crypt:1  | Found the +7 sceptre of Torment {pain, torment}
 72364 | Crypt:1  | Noticed Bai Suzhen
 72411 | Crypt:1  | Killed Bai Suzhen
 72416 | Crypt:1  | Noticed a greater mummy
 72420 | Crypt:1  | Noticed Khufu
 72675 | Crypt:1  | Noticed a greater mummy
 72676 | Crypt:1  | Noticed a greater mummy
 72718 | Crypt:1  | Killed a greater mummy
 73120 | Crypt:1  | Reached *** piety under the Shining One
 73258 | Crypt:1  | Killed a greater mummy
 73278 | Crypt:1  | Killed Khufu
 73299 | Crypt:1  | Killed a greater mummy
 73810 | Crypt:2  | Reached **** piety under the Shining One
 74246 | Crypt:2  | Reached ***** piety under the Shining One
 74580 | Crypt:3  | Entered Level 3 of the Crypt
 74639 | Crypt:3  | Found a large runed translucent door.
 74640 | Crypt:3  | Found a large runed translucent door.
 74643 | Crypt:3  | Noticed rrossfarrar's ghost (veteran BaFi)
 74660 | Crypt:3  | Killed rrossfarrar's ghost
 74691 | Crypt:3  | Found a staircase to the Tomb.
 75198 | Crypt:3  | Noticed Boris
 75213 | Crypt:3  | Killed Boris
 75244 | Crypt:3  | Reached ****** piety under the Shining One
 75499 | Crypt:3  | Identified a +8 eveningstar of holy wrath (a +6 vampiric
                  | eveningstar blessed by the Shining One)
 75499 | Crypt:3  | Received a gift from the Shining One
 76021 | Crypt:3  | Reached skill level 15 in Invocations
 76526 | Crypt:3  | Identified the Guide on Black Rituals
 76549 | Crypt:3  | Got a scintillating lapis lazuli ring
 76552 | Crypt:3  | Identified the ring of Badusolu {Str+4 SInv} (You found it
                  | on level 3 of the Crypt)
 76786 | Crypt:1  | Was forgiven by Okawaru
 77192 | Depths:4 | Voluntarily entered the Abyss.
 77274 | Abyss:1  | Found a corrupted altar of Lugonu.
 77314 | Abyss:1  | Paralysed by accursed screaming for 1 turns
 78814 | Abyss:4  | Got an abyssal rune of Zot
 79133 | Depths:4 | Escaped the Abyss
 79734 | Elf:1    | Bought a potion of agility for 48 gold pieces
 79734 | Elf:1    | Bought a potion of mutation for 96 gold pieces
 79734 | Elf:1    | Bought a potion of ambrosia for 96 gold pieces
 79734 | Elf:1    | Bought a potion of magic for 96 gold pieces
 79816 | Orc:2    | Bought a potion of curing for 42 gold pieces
 79816 | Orc:2    | Bought a potion of curing for 42 gold pieces
 79816 | Orc:2    | Bought a potion of curing for 42 gold pieces
 79816 | Orc:2    | Bought a potion of ambrosia for 112 gold pieces
 79816 | Orc:2    | Bought a potion of berserk rage for 70 gold pieces
 79816 | Orc:2    | Bought a potion of cancellation for 112 gold pieces
 79850 | Pan      | Entered Pandemonium
 80087 | Pan      | Entered the realm of Cerebov.
 80305 | Pan      | Reached skill level 27 in Armour
 80884 | Pan      | Identified the cursed +1 chain mail of Boustar {rElec Str+4
                  | Int-3 Dex+3} (You found it in Pandemonium)
 80916 | Pan      | Reached skill level 1 in Translocations
 80933 | Pan      | Got a steaming amethyst amulet
 80936 | Pan      | Identified the amulet "Diaprurr" {Harm *Drain rF+} (You
                  | found it in Pandemonium)
 80943 | Pan      | Got a fine pewter ring
 80948 | Pan      | Identified the ring of Greed {Fire rPois Dex+2} (You found
                  | it in Pandemonium)
 80958 | Pan      | Reached skill level 1 in Spellcasting
 81053 | Pan      | Identified the +6 sword of Cerebov {flame}
 81053 | Pan      | Noticed Cerebov
 81098 | Pan      | Killed Cerebov
 81337 | Pan      | Identified the cursed +0 helmet of Divine Compulsion
                  | {rPois} (You found it in Pandemonium)
 81411 | Pan      | Got a scorched amber ring
 81414 | Pan      | Identified the ring of Youthful Indiscretion {rElec rPois
                  | Str-2 Int+3} (You found it in Pandemonium)
 81425 | Pan      | Got a fiery rune of Zot
 81570 | Pan      | Reached skill level 5 in Translocations
 81623 | Pan      | Found an exit through the horrors of the Abyss.
 81634 | Pan      | Noticed Hiwikh the pandemonium lord
 81643 | Pan      | Killed Hiwikh the pandemonium lord
 82011 | Pan      | Entered the realm of Lom Lobon.
 82808 | Pan      | Noticed Lom Lobon
 82838 | Pan      | Killed Lom Lobon
 82891 | Pan      | Got a magical rune of Zot
 83191 | Pan      | Noticed Himapic the pandemonium lord
 83199 | Pan      | Killed Himapic the pandemonium lord
 83216 | Pan      | Got a demonic rune of Zot
 83402 | Pan      | Found an exit through the horrors of the Abyss.
 83405 | Pan      | Found a runed translucent door.
 83408 | Pan      | Found a runed translucent door.
 83444 | Pan      | Entered the realm of Mnoleg.
 83499 | Pan      | Paralysed by a floating eye for 3 turns
 83519 | Pan      | Gained mutation: You are weak. (Str -2) [a neqoxec]
 83522 | Pan      | Paralysed by a floating eye for 2 turns
 83539 | Pan      | Gained mutation: Your magical capacity is low. (-10% MP) [a
                  | neqoxec]
 83590 | Pan      | Gained mutation: Your body sometimes deteriorates upon
                  | taking damage. [a neqoxec]
 83598 | Pan      | Noticed Mnoleg
 83608 | Pan      | Paralysed by a floating eye for 2 turns
 83626 | Pan      | Killed Mnoleg
 83626 | Pan      | Reached skill level 10 in Translocations
 83656 | Pan      | Paralysed by a floating eye for 2 turns
 83711 | Pan      | Got a glowing rune of Zot
 83767 | Pan      | Gained mutation: Armour fits poorly on your strangely
                  | shaped body. [a neqoxec]
 83769 | Pan      | Lost mutation: You have a pair of small antennae on your
                  | head. [a neqoxec]
 83811 | Pan      | Lost mutation: You are robust. (+10% HP) [a cacodemon]
 83824 | Pan      | Entered the realm of Gloorx Vloq.
 83825 | Pan      | Lost mutation: Armour fits poorly on your strangely shaped
                  | body. [potion of mutation]
 83825 | Pan      | Lost mutation: Scrolls take you a little longer to read.
                  | [potion of mutation]
 83825 | Pan      | Gained mutation: You are dopey. (Int -2) [potion of
                  | mutation]
 83825 | Pan      | Gained mutation: You are very weak. (Str -4) [potion of
                  | mutation]
 83825 | Pan      | Gained mutation: Your movements are slightly less
                  | encumbered by armour. (ER -2) [potion of mutation]
 84565 | Pan      | Noticed Gloorx Vloq
 84586 | Pan      | Killed Gloorx Vloq
 84705 | Pan      | Got a dark rune of Zot
 85078 | Pan      | Got a glittering crystal amulet
 85086 | Pan      | Identified the amulet "Izuffuri" {Harm *Drain SInv} (You
                  | found it in Pandemonium)
 85114 | Pan      | Noticed Ysinoc the pandemonium lord
 85127 | Pan      | Killed Ysinoc the pandemonium lord
 85148 | Orc:2    | Escaped Pandemonium
 85149 | Orc:2    | Lost mutation: Your body sometimes deteriorates upon taking
                  | damage. [potion of mutation]
 85149 | Orc:2    | Lost mutation: Potions are less effective at restoring your
                  | health. [potion of mutation]
 85149 | Orc:2    | Lost mutation: You are dopey. (Int -2) [potion of mutation]
 85149 | Orc:2    | Lost mutation: Your movements are slightly less encumbered
                  | by armour. (ER -2) [potion of mutation]
 85149 | Orc:2    | Lost mutation: You are very weak. (Str -4) [potion of
                  | mutation]
 85149 | Orc:2    | Gained mutation: You expend magic power (3 MP) to
                  | strengthen your wands. [potion of mutation]
 85149 | Orc:2    | Gained mutation: You are agile. (Dex +2) [potion of
                  | mutation]
 85413 | Vaults:5 | Identified the +1 helmet "Gyxisash" {rPois rF- rC+ Str+4}
                  | (You found it on level 5 of the Vaults)
 85756 | Hell     | Entered the Vestibule of Hell
 85756 | Hell     | Noticed Geryon
 85789 | Hell     | Killed Geryon
 85940 | Hell     | Found a gateway to the ashen valley of Gehenna.
 86047 | Hell     | Found a gateway to the decaying netherworld of Tartarus.
 86213 | Hell     | Reached skill level 5 in Spellcasting
 86346 | Hell     | Found a gateway to the freezing wastes of Cocytus.
 86449 | Hell     | Found a gateway to the Iron City of Dis.
 86520 | Geh:1    | Entered Level 1 of Gehenna
 87642 | Geh:7    | Entered Level 7 of Gehenna
 87846 | Geh:7    | Noticed the Serpent of Hell
 87881 | Geh:7    | Killed the Serpent of Hell
 87994 | Geh:7    | Got a bound ivory ring
 87995 | Geh:7    | Identified the ring "Giclep" {+Inv rElec MR+ Int+5 Stlth-}
                  | (You found it on level 7 of Gehenna)
 88212 | Geh:7    | Identified the +7 sceptre of Asmodeus
 88212 | Geh:7    | Noticed Asmodeus
 88231 | Geh:7    | Killed Asmodeus
 88285 | Geh:7    | Got an obsidian rune of Zot
 88348 | Geh:7    | Gained mutation: Your body sometimes deteriorates upon
                  | taking damage. [mutagenic glow]
 88464 | Tar:1    | Entered Level 1 of Tartarus
 88564 | Tar:1    | You are sucked into a shaft!
 88700 | Tar:2    | Reached skill level 15 in Translocations
 90073 | Tar:7    | Entered Level 7 of Tartarus
 90203 | Tar:7    | Noticed an ancient lich
 90218 | Tar:7    | Killed an ancient lich
 90376 | Tar:7    | Identified the Incunabulum of Toxins and Self-Improvement
 91363 | Tar:7    | Noticed Ereshkigal
 91380 | Tar:7    | Killed Ereshkigal
 91412 | Tar:7    | Got a bone rune of Zot
 91570 | Coc:1    | Entered Level 1 of Cocytus
 92527 | Coc:7    | Entered Level 7 of Cocytus
 93258 | Coc:7    | Noticed Antaeus
 93285 | Coc:7    | Killed Antaeus
 93326 | Coc:7    | Got an icy rune of Zot
 93587 | Dis:1    | Entered Level 1 of the Iron City of Dis
 94357 | Dis:7    | Entered Level 7 of the Iron City of Dis
 95161 | Dis:7    | Got a crude platinum ring
 95162 | Dis:7    | Identified the ring "Xosaus" {*Tele rPois rN++} (You found
                  | it on level 7 of the Iron City of Dis)
 95172 | Dis:7    | Identified the Collected Works on Torrid Companions
 95183 | Dis:7    | Got a transparent jade ring
 95184 | Dis:7    | Identified the ring of Ceheseaj {rPois Dex+2 Stlth-} (You
                  | found it on level 7 of the Iron City of Dis)
 95701 | Dis:7    | Reached skill level 10 in Spellcasting
 96327 | Dis:7    | Identified the +4 staff of Dispater
 96327 | Dis:7    | Noticed Dispater
 96345 | Dis:7    | Killed Dispater
 96369 | Dis:7    | Got a clouded copper amulet
 96371 | Dis:7    | Got an iron rune of Zot
 96395 | Dis:7    | Identified the amulet of Oheref {Acrobat rPois MR- Slay+5
                  | SInv} (You found it on level 7 of the Iron City of Dis)
 96952 | Tomb:1   | Entered Level 1 of the Tomb of the Ancients
 97381 | Tomb:1   | Noticed a greater mummy
 97438 | Tomb:1   | Killed a greater mummy
 97732 | Tomb:1   | Gained mutation: You are frail. (-10% HP) [a neqoxec]
 97735 | Tomb:1   | Gained mutation: You are very weak. (Str -4) [a neqoxec]
 97921 | Tomb:1   | Lost mutation: Your magical capacity is low. (-10% MP)
                  | [potion of mutation]
 97921 | Tomb:1   | Lost mutation: You are very weak. (Str -4) [potion of
                  | mutation]
 97921 | Tomb:1   | Gained mutation: You evolve. [potion of mutation]
 97921 | Tomb:1   | Lost mutation: You are weak. (Str -2) [potion of mutation]
 97921 | Tomb:1   | Gained mutation: You have a somewhat thin skeletal
                  | structure. (Dex +2, Stealth) [potion of mutation]
 97922 | Tomb:1   | Lost mutation: Your body sometimes deteriorates upon taking
                  | damage. [potion of mutation]
 97922 | Tomb:1   | Lost mutation: You are frail. (-10% HP) [potion of
                  | mutation]
 97922 | Tomb:1   | Lost mutation: You are agile. (Dex +2) [potion of mutation]
 97922 | Tomb:1   | Gained mutation: Your magical capacity is low. (-10% MP)
                  | [potion of mutation]
 97922 | Tomb:1   | Gained mutation: You have sharp toenails. [potion of
                  | mutation]
 97922 | Tomb:1   | Gained mutation: You are surrounded by a mild repulsion
                  | field. (EV +2) [potion of mutation]
 97922 | Tomb:1   | Gained mutation: You are agile. (Dex +2) [potion of
                  | mutation]
 98015 | Tomb:1   | Reached skill level 27 in Invocations
 98131 | Tomb:1   | Noticed a greater mummy
 98158 | Tomb:1   | Killed a greater mummy
 98940 | Tomb:1   | Noticed a greater mummy
 98940 | Tomb:1   | Noticed a greater mummy
 98941 | Tomb:1   | Noticed a greater mummy
 98944 | Tomb:1   | Noticed a greater mummy
 98948 | Tomb:1   | Killed a greater mummy
 98948 | Tomb:1   | Noticed a greater mummy
 98952 | Tomb:1   | Killed a greater mummy
 98953 | Tomb:1   | Killed a greater mummy
 99322 | Tomb:1   | Killed a greater mummy
 99331 | Tomb:1   | Noticed a greater mummy
 99339 | Tomb:1   | Killed a greater mummy
 99379 | Tomb:1   | Noticed a greater mummy
 99385 | Tomb:1   | Killed a greater mummy
 99474 | Tomb:1   | Noticed a greater mummy
 99500 | Tomb:1   | Killed a greater mummy
 99519 | Tomb:1   | Noticed a greater mummy
 99551 | Tomb:1   | Killed a greater mummy
 99592 | Tomb:1   | Noticed a greater mummy
 99604 | Tomb:1   | Killed a greater mummy
 99797 | Tomb:1   | Killed a greater mummy
 99909 | Tomb:1   | Noticed a greater mummy
 99948 | Tomb:1   | Killed a greater mummy
 99975 | Tomb:1   | Noticed a greater mummy
 99982 | Tomb:1   | Killed a greater mummy
100080 | Tomb:1   | Noticed a greater mummy
100118 | Tomb:1   | Killed a greater mummy
100215 | Tomb:1   | Noticed a greater mummy
100227 | Tomb:1   | Killed a greater mummy
100398 | Tomb:2   | Noticed a greater mummy
100411 | Tomb:2   | Killed a greater mummy
100436 | Tomb:2   | Noticed a greater mummy
100436 | Tomb:2   | Noticed a greater mummy
100436 | Tomb:2   | Noticed an ancient lich
100448 | Tomb:2   | Killed an ancient lich
100492 | Tomb:2   | Killed a greater mummy
100517 | Tomb:2   | Killed a greater mummy
100558 | Tomb:2   | Paralysed by the power of Zot for 4 turns
100711 | Tomb:2   | Lost mutation: You are agile. (Dex +2) [evolution]
101197 | Tomb:3   | Entered Level 3 of the Tomb of the Ancients
101228 | Tomb:3   | Noticed a greater mummy
101228 | Tomb:3   | Noticed a greater mummy
101229 | Tomb:3   | Noticed Boris
101234 | Tomb:3   | Killed a greater mummy
101557 | Tomb:3   | Noticed a greater mummy
101557 | Tomb:3   | Identified the +11 scimitar of Cowardice {pain, rElec rC+}
101563 | Tomb:3   | Killed a greater mummy
101567 | Tomb:3   | Noticed a greater mummy
101764 | Tomb:3   | Noticed a greater mummy
101774 | Tomb:3   | Killed a greater mummy
101778 | Tomb:3   | Killed Boris
101785 | Tomb:3   | Killed a greater mummy
101810 | Tomb:3   | Killed a greater mummy
101818 | Tomb:3   | Noticed an ancient lich
101819 | Tomb:3   | Cast into level 5 of the Abyss (an ancient lich)
101819 | Abyss:5  | Entered Level 5 of the Abyss
101852 | Abyss:5  | Gained mutation: Scrolls take you a little longer to read.
                  | [a neqoxec]
101863 | Abyss:5  | Lost mutation: You expend magic power (3 MP) to strengthen
                  | your wands. [potion of mutation]
101863 | Abyss:5  | Lost mutation: You evolve. [potion of mutation]
101863 | Abyss:5  | Lost mutation: Scrolls take you a little longer to read.
                  | [potion of mutation]
101863 | Abyss:5  | Lost mutation: You have sharp fingernails. [potion of
                  | mutation]
101863 | Abyss:5  | Lost mutation: Your magical capacity is low. (-10% MP)
                  | [potion of mutation]
101863 | Abyss:5  | Gained mutation: Your flesh is cold resistant. (rC+)
                  | [potion of mutation]
102015 | Abyss:5  | Reached skill level 15 in Spellcasting
102047 | Tomb:3   | Escaped the Abyss
102088 | Tomb:3   | Killed an ancient lich
102113 | Tomb:3   | Found the +9 staff of Wucad Mu {channel}
102183 | Tomb:3   | Got a twitching sapphire amulet
102189 | Tomb:3   | Identified the amulet of Gozag's Pride {Regen+ SInv} (You
                  | found it on level 3 of the Tomb of the Ancients)
102210 | Tomb:3   | Identified the +3 morningstar of the Equinox {drain, Dex+2}
                  | (You found it on level 3 of the Tomb of the Ancients)
102357 | Tomb:3   | Identified Sif Muna's Reference Book on Mutagenic
                  | Execration
102449 | Tomb:3   | Noticed an ancient lich
102457 | Tomb:3   | Killed an ancient lich
102511 | Tomb:3   | Got a golden rune of Zot
102619 | Tomb:1   | Learned a level 6 spell: Dispersal
102628 | Tomb:1   | Learned a level 8 spell: Disjunction
102634 | Tomb:1   | Learned a level 5 spell: Summon Forest
103238 | Zot:5    | Noticed an orb of fire
103255 | Zot:5    | Killed an orb of fire
103380 | Zot:5    | Noticed an ancient lich
103389 | Zot:5    | Killed an ancient lich
103393 | Zot:5    | Noticed an orb of fire
103398 | Zot:5    | Lost mutation: You have sharp toenails. [an orb of fire]
103401 | Zot:5    | Noticed an orb of fire
103413 | Zot:5    | Killed an orb of fire
103417 | Zot:5    | Gained mutation: Potions are less effective at restoring
                  | your health. [an orb of fire]
103424 | Zot:5    | Killed an orb of fire
103488 | Zot:5    | Noticed an ancient lich
103501 | Zot:5    | Killed an ancient lich
103666 | Zot:5    | Got the Orb of Zot
103892 | Depths:3 | Noticed Agiry the pandemonium lord
103963 | Depths:1 | Noticed Quwer the pandemonium lord
104316 | D:$      | Escaped with the Orb!

Skill      XL: |  1  2  3  4  5  6  7  8  9 10 11 12 13 14 15 16 17 18 19 20 21 22 23 24 25 26 27 |
---------------+----------------------------------------------------------------------------------+-----
Maces & Flails | 3 4 5 6 8 10 11 13 14 16 | 16.0
Fighting       | 4 5 6 7 9 10 12 14 16 18 19 21 22 23 24 25 26 27 | 27.0
Shields        | 4 5 7 8 10 11 12 14 15 17 21 22 23 25 | 25.0
Invocations    | 2 4 6 7 8 9 27 | 27.0
Armour         | 5 9 11 12 13 15 17 19 20 21 22 27 | 27.0
Dodging        | 2 5 7 9 10 11 24 | 24.8
Evocations     | 2 5 8 |  8.8
Translocations | 23 | 23.5
Spellcasting   | 16 | 16.5

Action                   |  1- 3 |  4- 6 |  7- 9 | 10-12 | 13-15 | 16-18 | 19-21 | 22-24 | 25-27 || total
-------------------------+-------+-------+-------+-------+-------+-------+-------+-------+-------++-------
Melee: Flail             |   115 |   251 |   604 |   783 |  1593 |    31 |       |       |       ||  3377
       Eveningstar       |       |       |       |       |   230 |  2858 |  2620 |  2319 | 11506 || 19533
       Sacred scourge    |       |       |       |       |       |       |       |       |   396 ||   396
       Unarmed           |       |       |       |       |       |       |       |       |    16 ||    16
 Cast: Controlled Blink  |       |       |       |       |       |       |       |       |     5 ||     5
Invok: Heroism           |       |       |     7 |    18 |    17 |    36 |    21 |    24 |    34 ||   157
       Finesse           |       |       |       |     1 |     1 |     4 |     2 |     5 |     5 ||    18
       Cleansing Flame   |       |       |       |       |       |       |       |       |   158 ||   158
       Summon Divine War |       |       |       |       |       |       |       |       |    33 ||    33
       Divine Shield     |       |       |       |       |       |       |       |       |    19 ||    19
       Brand Weapon With |       |       |       |       |       |       |       |       |     1 ||     1
 Abil: Fly               |       |       |       |       |     1 |       |       |     1 |     1 ||     3
       Stop Flying       |       |       |       |       |       |       |       |     2 |       ||     2
Evoke: Wand              |       |       |     1 |     4 |    10 |    18 |       |     1 |     8 ||    42
       Phial of floods   |       |       |       |       |       |     1 |       |       |       ||     1
       Lamp of fire      |       |       |       |       |       |       |       |     3 |     4 ||     7
  Use: Scroll            |       |     1 |    14 |    15 |     9 |    11 |    17 |     9 |    78 ||   154
       Potion            |       |     1 |     3 |     1 |     3 |     5 |     1 |     1 |    43 ||    58
 Stab: Held in net/web   |       |       |       |       |       |     1 |       |       |       ||     1
       Petrified         |       |       |       |       |       |       |       |     5 |       ||     5
       Confused          |       |       |       |       |       |       |       |       |     1 ||     1
  Eat: Chunk             |       |     6 |    22 |    20 |    30 |    34 |    28 |    25 |    47 ||   212
       Ration            |       |       |       |       |     2 |     3 |     4 |     6 |    45 ||    60
Armor: Scale mail        |    66 |   115 |    47 |       |       |       |       |       |       ||   228
       Chain mail        |       |       |   301 |   313 |   935 |  1850 |  1252 |   333 |       ||  4984
       Skin              |       |       |       |       |       |       |     1 |       |     6 ||     7
       Plate armour      |       |       |       |       |       |       |       |   549 |   334 ||   883
       Gold dragon scale |       |       |       |       |       |       |       |       |  3870 ||  3870
Dodge: Dodged            |    43 |    79 |   109 |   137 |   393 |  1243 |   966 |   644 |  3633 ||  7247
Block: Shield            |    74 |   116 |   316 |   386 |  1077 |  2091 |  1572 |   573 |       ||  6205
       Large shield      |       |       |       |       |       |       |       |  1210 | 13616 || 14826
